Map: 环轨星港

Players

shengy

  • Race: Zerg Zerg
  • League: Platinum

CommBert - Winner!

  • Race: Terran Terran
  • League: Gold

VOD

Have the link to the VOD?

Description

Time

  • Played on: Dec. 23, 2015, 5:03 p.m.
  • Length: 12:25
Show
View Real Time Build Order
Export as new Build Order

shengy Zerg 

Build Orders: Hatch First, Lurkers 

Get SALT Encoding   

  12  0:01  Drone  
  13  0:08  Drone  
  14  0:18  Overlord  
  14  0:37  Drone x3  
  17  0:48  Drone  
  18  0:57  Hatchery  
  18  1:03  Drone  
  18  1:16  Spawning Pool  
  17  1:34  Overlord  
  17  1:41  Extractor  
  16  2:05  Zergling x6  
  16  2:07  Queen  
  21  2:11  Queen  
  21  2:13  Spine Crawler  
  21  2:17  Drone x2  
  23  2:34  Drone  
  23  2:35  Drone x2  
  26  2:39  Drone  
  27  2:51  Drone x2  
  27  2:53  Metabolic Boost, Drone  
  30  3:03  Drone  
  31  3:06  Drone  
  32  3:17  Drone x2  
  34  3:20  Queen  
  36  3:28  Overlord x2  
  36  3:33  Roach Warren  
  35  3:34  Extractor, Drone  
  35  3:37  Extractor  
  35  3:40  Drone x2  
  36  3:44  Overlord  
  36  3:47  Zergling x2  
  37  3:53  Drone x2  
  39  4:03  Drone x3  
  42  4:24  Overlord  
  42  4:26  Lair  
  42  4:27  Drone x3  
  42  4:28  Drone x4  
  49  4:46  Drone x3  
  52  4:55  Drone x3  
  52  4:57  Evolution Chamber  
  52  4:58  Evolution Chamber  
  53  5:12  Hatchery  
  52  5:17  Hatchery  
  51  5:24  Roach x6  
  64  5:30  Zerg Missile Weapons Level 1, Overlord  
  64  5:36  Glial Reconstitution  
  64  5:41  Hydralisk Den  
  64  5:42  Roach x2  
  67  5:50  Overseer  
  64  6:18  Hydralisk x3  
  61  6:21  Overlord x5  
  61  6:22  Overlord  
  67  6:26  Muscular Augments  
  67  6:30  Drone  
  68  6:36  Overseer  
  68  6:39  Extractor  
  67  6:42  Queen  
  67  6:44  Hatchery  
  68  6:56  Zerg Ground Armor Level 1  
  68  7:04  Hydralisk x6  
  68  7:05  Hydralisk x2  
  68  7:08  Zergling x4  
  84  7:18  Queen  
  84  7:21  Overseer  
  83  7:44  Lurker Den  
  83  7:46  Overlord  
  83  7:47  Overlord  
  83  7:48  Zergling x4, Roach x4  
  93  7:52  Drone  
  93  7:54  Zerg Missile Weapons Level 2  
  93  7:55  Hatchery  
  93  8:08  Ravager  
  93  8:09  Ravager  
  93  8:11  Queen  
  97  8:13  Drone x6  
  103  8:22  Drone x2  
  104  8:51  Extractor, Drone x3  
  104  8:52  Drone x3  
  104  8:53  Extractor  
  108  8:55  Hatchery  
  107  9:10  Drone x2  
  109  9:21  Drone x2, Spire  
  109  9:22  Drone  
  111  9:25  Lurker x3, Infestation Pit  
  111  9:26  Lurker x3  
  116  9:40  Overlord x2  
  116  9:41  Zergling x4  
  116  9:42  Zergling x16  
  116  9:43  Zergling x10  
  131  9:57  Baneling Nest, Drone  
  131  9:58  Drone x5  
  136  10:07  Hive  
  136  10:11  Swarm Host x3  
  136  11:03  Mutalisk  
  136  11:04  Mutalisk x8  
  136  11:05  Mutalisk  
  136  11:08  Overseer  
  156  11:18  Hatchery  
  156  11:25  Overlord x2  
  155  11:26  Ultralisk Cavern  
  155  11:28  Hatchery  
  155  11:32  Hatchery  
Show
View Real Time Build Order
Export as new Build Order

CommBert Terran - Winner!

Build Orders: Reaper Expand, Bio Tank 

Get SALT Encoding   

  12  0:02  SCV  
  13  0:14  SCV  
  14  0:18  Supply Depot  
  14  0:26  SCV  
  15  0:40  SCV  
  15  0:41  Barracks  
  16  0:46  Refinery  
  16  0:52  SCV  
  17  1:04  SCV  
  18  1:16  SCV  
  19  1:29  Orbital Command  
  19  1:30  Reaper  
  20  1:43  Command Center  
  20  1:55  SCV  
  21  2:02  Reaper  
  21  2:03  Supply Depot  
  21  2:07  SCV  
  23  2:13  Refinery  
  23  2:25  SCV  
  24  2:37  SCV  
  25  2:49  SCV  
  25  2:50  Barracks Reactor  
  26  2:52  Factory  
  26  2:55  Orbital Command  
  26  2:57  Refinery  
  26  3:01  SCV  
  27  3:13  SCV  
  28  3:26  SCV  
  30  3:27  SCV  
  30  3:38  Starport  
  30  3:39  Barracks Tech Lab  
  30  3:40  SCV x2  
  32  3:44  Hellion x2  
  36  3:52  SCV x2  
  36  3:54  Command Center  
  38  4:07  Hellion x2  
  42  4:11  Barracks Tech Lab  
  42  4:14  SCV  
  44  4:21  Supply Depot  
  44  4:24  Banshee  
  44  4:25  Cloaking Field  
  46  4:32  SCV  
  46  4:33  Refinery, SCV  
  48  4:44  Barracks  
  48  4:50  SCV x2  
  48  4:51  Barracks  
  50  4:53  Factory Reactor, Barracks  
  50  5:01  Marine  
  50  5:02  SCV x2  
  52  5:08  Orbital Command  
  52  5:11  Banshee  
  52  5:14  SCV  
  56  5:16  Stimpack  
  56  5:17  SCV  
  56  5:18  Marine  
  58  5:23  Engineering Bay  
  58  5:24  Engineering Bay  
  58  5:31  SCV x2  
  60  5:36  Marine  
  60  5:40  SCV  
  62  5:43  SCV x2, Marine x3  
  67  5:56  Factory Tech Lab  
  67  6:12  SCV x2, Marine x2  
  69  6:21  SCV  
  69  6:22  Terran Infantry Armor Level 1, Terran Infantry Weapons Level 1  
  69  6:23  Orbital Command  
  69  6:24  SCV  
  71  6:30  Supply Depot  
  71  6:31  Supply Depot  
  71  6:32  Bunker  
  71  6:35  Command Center  
  71  6:36  Marine x4  
  71  6:37  Barracks Reactor  
  75  6:46  SCV x2  
  77  6:51  Siege Tank  
  77  6:53  SCV  
  81  6:55  Marine x3  
  81  6:58  SCV x2  
  81  7:01  Missile Turret  
  86  7:04  Missile Turret  
  86  7:05  SCV  
  86  7:08  Missile Turret  
  87  7:11  SCV  
  87  7:12  Missile Turret  
  88  7:18  SCV x2  
  90  7:23  SCV  
  90  7:27  Marine x6  
  90  7:28  Marine  
  98  7:30  SCV  
  98  7:31  SCV  
  98  7:36  Siege Tank  
  101  7:39  Factory  
  101  7:43  SCV x3  
  92  7:45  Starport Reactor  
  92  7:46  Refinery  
  92  7:48  Refinery  
  92  7:52  Supply Depot  
  92  7:57  Armory  
  92  8:01  Missile Turret  
  92  8:03  Marine x7  
  99  8:08  Siege Tank  
  102  8:18  Supply Depot  
  102  8:21  Marine x6  
  102  8:22  Marauder  
  102  8:24  Siege Tank  
  102  8:25  Medivac x2  
  117  8:38  Marine  
  117  8:39  Marine x3  
  117  8:40  Siege Tank  
  124  8:43  Marauder  
  124  8:44  Marine x2  
  124  8:47  Command Center  
  128  8:49  Supply Depot  
  128  8:56  Supply Depot, Siege Tank, Marine  
  128  8:57  Terran Infantry Weapons Level 2  
  128  8:58  Missile Turret  
  132  9:04  Terran Infantry Armor Level 2  
  132  9:10  Marine  
  132  9:12  Siege Tank  
  132  9:13  Marine x2  
  132  9:14  Marauder  
  140  9:19  Combat Shields  
  140  9:21  Medivac  
  142  9:25  Missile Turret, Terran Vehicle Weapons Level 1  
  142  9:45  Siege Tank x2  
  148  9:53  Supply Depot  
  148  9:58  Supply Depot, Marine x7  
  155  10:01  Supply Depot  
  155  10:04  Missile Turret x2  
  155  10:05  Missile Turret  
  155  10:07  Orbital Command  
  155  10:08  Supply Depot  
  155  10:09  Missile Turret  
  155  10:10  Supply Depot  
  155  10:16  Marine x2  
  155  10:20  Missile Turret  
  157  10:32  Supply Depot  
  156  10:43  Siege Tank x2  
  156  10:48  Orbital Command  
  162  10:53  Refinery  
  162  10:55  Refinery  
  162  10:58  Marine x6  
  162  10:59  Medivac  
  162  11:00  Medivac  
  172  11:10  Starport  
  172  11:15  Missile Turret, Starport  
  172  11:27  Command Center  
  172  11:39  Missile Turret  
  172  11:57  Marauder, Marine x3  
Tags
 
Add a new tag
Caveats
  • Supply blocks, unpowered buildings, or Contaminate may cause inaccurate times.
  • Supply counts are checked every 10 seconds.